TOP OF THE 1ST |
Athletic Club KC U-21 batting - Pitching for Yellowknife Dragonblood : RHP Yura Edel
|
Pitching: RHP Yura Edel
|
|
Batting: RHB Diego Bonilla
|
0-0: Ball 1-0: Called Strike 1-1: Swinging Strike 1-2: Strikes out looking
|
Batting: SHB Sang-your Yu
|
0-0: Ball 1-0: Ball 2-0: Called Strike 2-1: Foul Ball, location: 2F 2-2: Strikes out looking
|
Batting: LHB Manuel Domínguez
|
0-0: Ball 1-0: Swinging Strike 1-1: Ball 2-1: Ground out 2-3 (Groundball, 2R)
|
Top of the 1st over - 0 run(s), 0 hit(s), 0 error(s), 0 left on base; Athletic Club KC 0 - Yellowknife 0 |
BOTTOM OF THE 1ST |
Yellowknife Dragonblood batting - Pitching for Athletic Club KC U-21 : LHP Ash Ibarra
|
Pitching: LHP Ash Ibarra
|
|
Batting: LHB Walter Frampton
|
0-0: Ball 1-0: Called Strike 1-1: Foul Ball, location: 2F 1-2: Ball 2-2: SINGLE (Groundball, 13) (infield hit)
|
Batting: RHB Sacha Nieuwenburg
|
0-0: Called Strike 0-1: Ball 1-1: Ball 2-1: Ball 3-1: Foul Ball, location: 2F 3-2: Strikes out swinging
|
Batting: RHB Roberto Vázquez
|
0-0: Ball Pickoff Throw to First - Error! E1 Walter Frampton to second 1-0: Ball 2-0: Foul Ball, location: 2F 2-1: Ball 3-1: Foul Ball, location: 2F 3-2: DOUBLE (Line Drive, 7LS) Walter Frampton scores
|
Batting: RHB Ron Morton
|
0-0: Foul Ball, location: 2F 0-1: Ball 1-1: Ball 2-1: Ball 3-1: Base on Balls
|
Batting: RHB Rodriguo Condea
|
0-0: Ball 1-0: Ball 2-0: Foul Ball, location: 2F 2-1: Called Strike Roberto Vázquez is caught stealing 3rd base Ron Morton to second 2-2: Strikes out swinging
|
Bottom of the 1st over - 1 run(s), 2 hit(s), 1 error(s), 1 left on base; Athletic Club KC 0 - Yellowknife 1 |
TOP OF THE 2ND |
Athletic Club KC U-21 batting - Pitching for Yellowknife Dragonblood : RHP Yura Edel
|
Batting: LHB Naohiro Sakai
|
0-0: Ball 1-0: Foul Ball, location: 2F 1-1: DOUBLE (Line Drive, 8RD)
|
Batting: RHB Felipe Pabalate
|
0-0: Ball 1-0: Called Strike 1-1: Swinging Strike 1-2: Ground out 6-3 (Groundball, 6)
|
Batting: RHB Iván Chacón
|
0-0: Ball 1-0: Called Strike 1-1: Fly out, F7 (Flyball, 7M)
|
Batting: RHB Pedro Silva
|
0-0: Ball 1-0: Foul Ball, location: 2F 1-1: Foul Ball, location: 2F 1-2: Strikes out swinging
|
Top of the 2nd over - 0 run(s), 1 hit(s), 0 error(s), 1 left on base; Athletic Club KC 0 - Yellowknife 1 |
BOTTOM OF THE 2ND |
Yellowknife Dragonblood batting - Pitching for Athletic Club KC U-21 : LHP Ash Ibarra
|
Batting: RHB Higino Malrasca
|
0-0: Ball 1-0: Ball 2-0: Fly out, F3 (Popup, 3F)
|
Batting: RHB Louis Gibbons
|
0-0: Ball 1-0: SINGLE (Groundball, 23) (infield hit)
|
Batting: RHB Arturo Sánchez
|
0-0: Fly out, F9 (Flyball, 89M)
|
Batting: LHB Jon Baxter
|
0-0: Ground out 4-3 (Groundball, 4)
|
Bottom of the 2nd over - 0 run(s), 1 hit(s), 0 error(s), 1 left on base; Athletic Club KC 0 - Yellowknife 1 |
TOP OF THE 3RD |
Athletic Club KC U-21 batting - Pitching for Yellowknife Dragonblood : RHP Yura Edel
|
Batting: RHB Altifício Azor
|
0-0: Ball 1-0: Foul Ball, location: 2F 1-1: Ball 2-1: Foul Ball, location: 2F 2-2: Ground out 4-3 (Groundball, 4)
|
Batting: RHB Alfonso Ciucio
|
0-0: Ball 1-0: Swinging Strike 1-1: Ball 2-1: Ball 3-1: Base on Balls
|
Batting: RHB Diego Bonilla
|
0-0: Called Strike 0-1: Fly out, F8 (Flyball, 8RM)
|
Batting: SHB Sang-your Yu
|
0-0: Ball Wild Pitch! Alfonso Ciucio to second 1-0: Fly out, F5 (Popup, 6)
|
Top of the 3rd over - 0 run(s), 0 hit(s), 0 error(s), 1 left on base; Athletic Club KC 0 - Yellowknife 1 |
BOTTOM OF THE 3RD |
Yellowknife Dragonblood batting - Pitching for Athletic Club KC U-21 : LHP Ash Ibarra
|
Batting: LHB Walter Frampton
|
0-0: Called Strike 0-1: Ball 1-1: Ground out 3-1 (Groundball, 34)
|
Batting: RHB Sacha Nieuwenburg
|
0-0: Foul Ball, location: 2F 0-1: Ball 1-1: Fly out, F8 (Flyball, 8LS)
|
Batting: RHB Roberto Vázquez
|
0-0: Ground out 2-3 (Groundball, 23)
|
Bottom of the 3rd over - 0 run(s), 0 hit(s), 0 error(s), 0 left on base; Athletic Club KC 0 - Yellowknife 1 |
TOP OF THE 4TH |
Athletic Club KC U-21 batting - Pitching for Yellowknife Dragonblood : RHP Yura Edel
|
Batting: LHB Manuel Domínguez
|
0-0: Ball 1-0: Swinging Strike 1-1: Called Strike 1-2: Foul Ball, location: 2F 1-2: Ball 2-2: Foul Ball, location: 2F 2-2: Ball 3-2: Foul Ball, location: 2F 3-2: Base on Balls
|
Batting: LHB Naohiro Sakai
|
0-0: Ball 1-0: Hit by Pitch Manuel Domínguez to second
|
Pinch Runner at 1st Enrique Miranda:
|
|
Batting: RHB Felipe Pabalate
|
0-0: Ground out U3 (Groundball, 3S) Manuel Domínguez to third Enrique Miranda to second
|
Batting: RHB Iván Chacón
|
0-0: Ball 1-0: Called Strike 1-1: SINGLE (Groundball, 56D) Manuel Domínguez scores Enrique Miranda to third Runner from 3rd tries for Home, SAFE, throw made home Iván Chacón to second
|
Batting: RHB Pedro Silva
|
0-0: Ball 1-0: Foul Ball, location: 2F 1-1: Foul Ball, location: 2F 1-2: Foul Ball, location: 2F 1-2: Strikes out swinging
|
Batting: RHB Altifício Azor
|
0-0: Ball 1-0: Ball 2-0: Swinging Strike 2-1: Ball 3-1: Ground out U3 (Groundball, 3S)
|
Top of the 4th over - 2 run(s), 1 hit(s), 0 error(s), 1 left on base; Athletic Club KC 2 - Yellowknife 1 |
BOTTOM OF THE 4TH |
Yellowknife Dragonblood batting - Pitching for Athletic Club KC U-21 : LHP Ash Ibarra
|
Now at SS: Enrique Miranda
|
|
Batting: RHB Ron Morton
|
0-0: Ball 1-0: Called Strike 1-1: Ground out 4-3 (Groundball, 4)
|
Batting: RHB Rodriguo Condea
|
0-0: Ball 1-0: Called Strike 1-1: Called Strike 1-2: Foul Ball, location: 2F 1-2: Ball 2-2: Foul Ball, location: 2F 2-2: Foul Ball, location: 2F 2-2: Foul Ball, location: 2F 2-2: Ball 3-2: SINGLE (Groundball, 6MD)
|
Batting: RHB Higino Malrasca
|
0-0: Grounds into double play, 5-4-3 (Groundball, 5)
|
Bottom of the 4th over - 0 run(s), 1 hit(s), 0 error(s), 0 left on base; Athletic Club KC 2 - Yellowknife 1 |
TOP OF THE 5TH |
Athletic Club KC U-21 batting - Pitching for Yellowknife Dragonblood : RHP Yura Edel
|
Batting: RHB Alfonso Ciucio
|
0-0: Swinging Strike 0-1: Ball 1-1: Called Strike 1-2: Ball 2-2: Strikes out swinging
|
Batting: RHB Diego Bonilla
|
0-0: Ball 1-0: Fly out, F4 (Line Drive, 4M)
|
Batting: SHB Sang-your Yu
|
0-0: Ball 1-0: Fly out, F8 (Flyball, 8LD)
|
Top of the 5th over - 0 run(s), 0 hit(s), 0 error(s), 0 left on base; Athletic Club KC 2 - Yellowknife 1 |
BOTTOM OF THE 5TH |
Yellowknife Dragonblood batting - Pitching for Athletic Club KC U-21 : LHP Ash Ibarra
|
Batting: RHB Louis Gibbons
|
0-0: Fly out, F6 (Popup, 6MS)
|
Batting: RHB Arturo Sánchez
|
0-0: Swinging Strike 0-1: Ball 1-1: SINGLE (Groundball, 5D)
|
Batting: LHB Jon Baxter
|
0-0: Foul Ball, location: 2F 0-1: Ball 1-1: Ball 2-1: Called Strike 2-2: Ball 3-2: Fielders Choice at 2nd, 1-6 (Groundball, 25)
|
Batting: LHB Walter Frampton
|
0-0: Ball 1-0: Foul Ball, location: 2F 1-1: Foul Ball, location: 2F 1-2: Foul Ball, location: 2F 1-2: Ball Jon Baxter steals 2nd base 2-2: Ball 3-2: Foul Ball, location: 2F 3-2: Fly out, F9 (Flyball, 9S)
|
Bottom of the 5th over - 0 run(s), 1 hit(s), 0 error(s), 1 left on base; Athletic Club KC 2 - Yellowknife 1 |
TOP OF THE 6TH |
Athletic Club KC U-21 batting - Pitching for Yellowknife Dragonblood : RHP Yura Edel
|
Batting: LHB Manuel Domínguez
|
0-0: Ball 1-0: Ball 2-0: Foul Ball, location: 2F 2-1: Ball 3-1: Foul Ball, location: 2F 3-2: Fly out, F8 (Flyball, 8RM)
|
Pitching: LHP Roberto Cabrera
|
|
Batting: LHB Enrique Miranda
|
0-0: Swinging Strike 0-1: Ground out 4-3 (Groundball, 4)
|
Pitching: RHP Pedro Lara
|
|
Batting: RHB Felipe Pabalate
|
0-0: Called Strike 0-1: Foul Ball, location: 2F 0-2: Ball 1-2: Reached on Error, E9 (Flyball, 9S)
|
Batting: RHB Iván Chacón
|
0-0: Called Strike 0-1: Ball 1-1: Ball 2-1: Called Strike 2-2: Fly out, F4 (Popup, 8LS)
|
Top of the 6th over - 0 run(s), 0 hit(s), 1 error(s), 1 left on base; Athletic Club KC 2 - Yellowknife 1 |
BOTTOM OF THE 6TH |
Yellowknife Dragonblood batting - Pitching for Athletic Club KC U-21 : LHP Ash Ibarra
|
Batting: RHB Sacha Nieuwenburg
|
0-0: Called Strike 0-1: Swinging Strike 0-2: Strikes out swinging
|
Batting: RHB Roberto Vázquez
|
0-0: Called Strike 0-1: Swinging Strike 0-2: Foul Ball, location: 2F 0-2: Strikes out swinging
|
Batting: RHB Ron Morton
|
0-0: Fly out, F9 (Flyball, 9S)
|
Bottom of the 6th over - 0 run(s), 0 hit(s), 0 error(s), 0 left on base; Athletic Club KC 2 - Yellowknife 1 |
TOP OF THE 7TH |
Athletic Club KC U-21 batting - Pitching for Yellowknife Dragonblood : RHP Pedro Lara
|
Batting: RHB Pedro Silva
|
0-0: Ground out 6-3 (Groundball, 6)
|
Batting: RHB Altifício Azor
|
0-0: Ball 1-0: Ball 2-0: Foul Ball, location: 2F 2-1: SINGLE (Groundball, 6M)
|
Pinch Hitting: RHB José Flores
|
0-0: Foul Ball, location: 2F 0-1: Ball 1-1: Swinging Strike 1-2: Ball 2-2: Grounds into double play, 4-6-3 (Groundball, 4)
|
Top of the 7th over - 0 run(s), 1 hit(s), 0 error(s), 0 left on base; Athletic Club KC 2 - Yellowknife 1 |
BOTTOM OF THE 7TH |
Yellowknife Dragonblood batting - Pitching for Athletic Club KC U-21 : LHP Ash Ibarra
|
Now in LF: Ricardo Torres
|
|
Batting: RHB Rodriguo Condea
|
0-0: Called Strike 0-1: Called Strike 0-2: Strikes out swinging
|
Batting: RHB Higino Malrasca
|
0-0: Foul Ball, location: 2F 0-1: Ball 1-1: Called Strike 1-2: Foul Ball, location: 2F 1-2: Ground out 4-3 (Groundball, 4)
|
Batting: RHB Louis Gibbons
|
0-0: Fly out, F8 (Line Drive, 8LS)
|
Bottom of the 7th over - 0 run(s), 0 hit(s), 0 error(s), 0 left on base; Athletic Club KC 2 - Yellowknife 1 |
TOP OF THE 8TH |
Athletic Club KC U-21 batting - Pitching for Yellowknife Dragonblood : RHP Pedro Lara
|
Batting: RHB Diego Bonilla
|
0-0: Ball 1-0: Called Strike 1-1: Ball 2-1: Foul Ball, location: 2F 2-2: Ground out 4-3 (Groundball, 34)
|
Batting: SHB Sang-your Yu
|
0-0: Ball 1-0: Ball 2-0: Called Strike 2-1: Foul Ball, location: 2F 2-2: Ball 3-2: Ground out U3 (Groundball, 3)
|
Batting: LHB Manuel Domínguez
|
0-0: Ball 1-0: Swinging Strike 1-1: Swinging Strike 1-2: Ball 2-2: Foul Ball, location: 2F 2-2: Strikes out swinging
|
Top of the 8th over - 0 run(s), 0 hit(s), 0 error(s), 0 left on base; Athletic Club KC 2 - Yellowknife 1 |
BOTTOM OF THE 8TH |
Yellowknife Dragonblood batting - Pitching for Athletic Club KC U-21 : LHP Ash Ibarra
|
Pitching: RHP Roland Allen
|
|
Batting: RHB Arturo Sánchez
|
0-0: Swinging Strike 0-1: Swinging Strike 0-2: Strikes out swinging
|
Pitching: LHP Alonso Muñíz
|
|
Batting: LHB Jon Baxter
|
0-0: Ball 1-0: Ball 2-0: Called Strike 2-1: Ball 3-1: Base on Balls
|
Pinch Hitting: RHB Ray Flynn
|
0-0: Called Strike 0-1: Ball 1-1: Ball 2-1: Foul Ball, location: 2F 2-2: Strikes out swinging
|
Pitching: RHP Dempster Kelly
|
|
Pinch Hitting: LHB José Serna
|
0-0: Ball 1-0: Ball 2-0: Fly out, F7 (Flyball, 7M)
|
Bottom of the 8th over - 0 run(s), 0 hit(s), 0 error(s), 1 left on base; Athletic Club KC 2 - Yellowknife 1 |
TOP OF THE 9TH |
Athletic Club KC U-21 batting - Pitching for Yellowknife Dragonblood : RHP Pedro Lara
|
Now at 1B: Tae-sang Han
|
|
Now at 2B: José Serna
|
|
Batting: LHB Enrique Miranda
|
0-0: Ball 1-0: Foul Ball, location: 2F 1-1: Swinging Strike 1-2: Ball 2-2: DOUBLE (Flyball, 78M)
|
Batting: RHB Felipe Pabalate
|
0-0: Intentional Walk
|
Pitching: LHP Jorge Sánchez
|
|
Batting: RHB Iván Chacón
|
0-0: Called Strike 0-1: Foul Ball, location: 2F 0-2: Ball 1-2: Foul Ball, location: 2F 1-2: Ball 2-2: SINGLE (Flyball, 89S) Enrique Miranda to third Felipe Pabalate to second
|
Batting: RHB Pedro Silva
|
0-0: Ball 1-0: Ball 2-0: Swinging Strike 2-1: Foul Ball, location: 2F 2-2: Strikes out looking
|
Batting: RHB Altifício Azor
|
0-0: Ball 1-0: Fly out, F8 (Flyball, 8RS)
|
Pinch Hitting: RHB Jim Unknown
|
0-0: Ball 1-0: Foul Ball, location: 2F 1-1: Ball 2-1: Swinging Strike 2-2: Fly out, F7 (Flyball, 7M)
|
Top of the 9th over - 0 run(s), 2 hit(s), 0 error(s), 3 left on base; Athletic Club KC 2 - Yellowknife 1 |
BOTTOM OF THE 9TH |
Yellowknife Dragonblood batting - Pitching for Athletic Club KC U-21 : RHP Dempster Kelly
|
Pitching: RHP Rich Gibbs
|
|
Now at 1B: Nathaniel Gault
|
|
Now in LF: Jim Unknown
|
|
Batting: RHB Roberto Vázquez
|
0-0: Ball 1-0: Foul Ball, location: 2F 1-1: Ball 2-1: Fly out, F9 (Flyball, 9M)
|
Batting: RHB Ron Morton
|
0-0: Ball 1-0: Ball 2-0: Ball 3-0: Called Strike 3-1: Foul Ball, location: 2F 3-2: Strikes out swinging
|
Batting: RHB Rodriguo Condea
|
0-0: Ball 1-0: DOUBLE (Flyball, 8RM)
|
Batting: RHB Higino Malrasca
|
0-0: Ground out 6-3 (Groundball, 6M)
|
Bottom of the 9th over - 0 run(s), 1 hit(s), 0 error(s), 1 left on base; Athletic Club KC 2 - Yellowknife 1 |
|